 Dungeon Crawl Stone Soup version 0.17-a0-1719-g1afd5a1 (webtiles) character file.

2863 Raurakos the Cleaver (level 9, 0/112 HPs)
             Began as a Hill Orc Gladiator on Aug 28, 2015.
             Was a Follower of Okawaru.
             Slain by a centaur (10 damage)
             ... on level 7 of the Dungeon.
             The game lasted 00:28:02 (7574 turns).

Raurakos the Cleaver (Hill Orc Gladiator)           Turns: 7574, Time: 00:28:02

Health: 0/112      AC: 24    Str: 18    XL:     9   Next: 75%
Magic:  0/9        EV:  2    Int:  8    God:    Okawaru [*.....]
Gold:   352        SH:  0    Dex: 14    Spells: 0 memorised, 8 levels left

rFire  . . .     SeeInvis .     b - +0 war axe
rCold  . . .     Clarity  .     (armour currently unavailable)
rNeg   + + +     SustAt   .     (no shield)
rPois  +         Gourm    .     (helmet currently unavailable)
rElec  .         Spirit   +     (cloak currently unavailable)
rCorr  .         Warding  .     (gloves currently unavailable)
rMut   .         NoTele   +     (boots currently unavailable)
MR     .....                    G - amulet of guardian spirit
Stlth  ++++......               (no ring)
                                (no ring)

@: lethally poisoned (0 -> -2), tree-form, heroism, not resistant to hostile
enchantments, stealthy
A: no striking features
a: Heroism, Renounce Religion


You were on level 7 of the Dungeon.
You worshipped Okawaru.
Okawaru was aware of your devotion.
You were not hungry.
You were a tree.
You visited 2 branches of the dungeon, and saw 8 of its levels.

You collected 352 gold pieces.

Inventory:

Hand weapons
 a - a +0 battleaxe
 b - a +0 war axe (weapon)
Missiles
 e - 3 throwing nets
 j - 10 tomahawks (quivered)
 w - 54 stones
 H - 7 steel javelins
Armour
 c - a +0 helmet (melded)
 f - a +3 leather armour of cold resistance
 C - a +0 chain mail (melded)
Jewellery
 G - an amulet of guardian spirit (around neck)
Magical devices
 E - a wand of draining (3)
Scrolls
 l - 2 scrolls of enchant armour {unknown}
 m - 2 scrolls of teleportation
 n - a scroll of random uselessness {unknown}
 p - a scroll of immolation {unknown}
 s - a scroll of acquirement {unknown}
 t - 2 scrolls of amnesia {unknown}
 u - 3 scrolls of fog {unknown}
 v - a scroll of fear {unknown}
 y - a scroll of noise {unknown}
 F - a scroll of enchant weapon {unknown}
 J - a scroll of remove curse
Potions
 h - a potion of lignification
 k - 3 potions of curing
 r - a potion of resistance {unknown}
 z - 2 potions of haste
 A - a potion of flight {unknown}
 D - a potion of berserk rage
Comestibles
 d - 5 bread rations
 g - 5 royal jellies
 i - a beef jerky
 o - a chunk of flesh
 q - 4 meat rations
 x - 6 fruits
 B - a slice of pizza


   Skills:
 - Level 6.0(11.0) Fighting
 + Level 14.4(19.4) Axes
 - Level 2.0(7.0) Throwing
 - Level 5.0(10.0) Armour
 - Level 2.4(7.4) Dodging


You had 8 spell levels left.
You didn't know any spells.

Dungeon Overview and Level Annotations

Branches:
Dungeon (7/15)             Temple (1/1) D:7

Altars:
Ashenzari
Cheibriados
Dithmenos
Elyvilon
Fedhas
Gozag
Kikubaaqudgha
Makhleb
Okawaru
Qazlal
Sif Muna
Trog
Xom
Yredelemnul
Zin
The Shining One


Message History

You hit the centaur.
The centaur is severely wounded.
The centaur hits you!
* * * LOW HITPOINT WARNING * * *
The centaur completely misses you.
Use which ability? (? or * to list)
You gain the combat prowess of a mighty hero.
You feel slightly more hungry.
You feel sick. The centaur hits you!
* * * LOW HITPOINT WARNING * * *
The centaur barely misses you.
The centaur hits you but does no damage.
You closely miss the centaur.
The centaur is severely wounded.
The centaur hits you!
* * * LOW HITPOINT WARNING * * *
Drink which item? (? for menu, Esc to quit)
You turn into a tree.
Your +0 helmet melds into your body.
Your +0 chain mail melds into your body.
Your roots penetrate the ground.
The centaur hits you!
You die...

#####......#
#
#......#####
#
#....(.....#
#
#.....####.#
# #.....# #.#
# #####)#
#.###########
#†#
#............
#c#
#############
#♣# #.# ##.##
#...# #...#
#<..#
###.####
#......#
#......####


You could see a centaur (berserk).

Vanquished Creatures
  Pikel (D:5)
  A hippogriff (D:4)
  An orc warrior (D:6)
  A phantom (D:7)
  3 slaves (D:5)
  3 ogres
  A necrophage (D:5)
  A centaur (D:7)
  A giant frog (D:7)
  11 killer bees (D:7)
  3 wights (D:6)
  2 crimson imps (D:7)
  An orc priest (D:6)
  A wasp zombie (D:6)
  2 iguanas
  5 hounds
  A giant frog skeleton (D:5)
  A gnoll shaman (D:4)
  2 jellies
  2 orc wizards
  2 centaur zombies
  A centaur skeleton (D:7)
  4 worker ants
  A hound skeleton (D:4)
  A hound zombie (D:6)
  4 gnolls (D:4)
  11 adders
  An ooze (D:1)
  2 adder skeletons (D:4)
  An adder zombie (D:7)
  5 worms
  The ghost of 4thArraOfDagon the Firebug, a weakling HEFE of Sif Muna (D:3)
  2 giant geckos
  16 orcs
  A ball python (D:2)
  5 bats
  6 giant cockroaches
  8 hobgoblins
  9 jackals
  3 quokkas
  2 giant newts (D:2)
  11 goblins
  A jackal skeleton (D:4)
  6 kobolds
  9 rats
157 creatures vanquished.

Notes
Turn   | Place    | Note
--------------------------------------------------------------
     0 | D:1      | Raurakos the Hill Orc Gladiator began the quest for the Orb.
     0 | D:1      | Reached XP level 1. HP: 18/18 MP: 1/1
   261 | D:1      | Reached XP level 2. HP: 25/25 MP: 2/2
   542 | D:2      | Reached skill level 5 in Axes
   738 | D:2      | Reached XP level 3. HP: 30/30 MP: 3/3
  1354 | D:2      | Reached skill level 6 in Axes
  1486 | D:2      | Reached XP level 4. HP: 34/37 MP: 4/4
  1501 | D:2      | Found a deep blue altar of Sif Muna.
  1938 | D:2      | Reached skill level 7 in Axes
  2080 | D:3      | Noticed 4thArraOfDagon's ghost (weakling HEFE)
  2086 | D:3      | Killed 4thArraOfDagon's ghost
  2327 | D:3      | Reached XP level 5. HP: 37/42 MP: 5/5
  2977 | D:4      | Noticed a hippogriff
  3164 | D:4      | Reached skill level 8 in Axes
  3370 | D:4      | HP: 2/42 [hippogriff (1)]
  3373 | D:4      | Killed a hippogriff
  3373 | D:4      | Reached skill level 9 in Axes
  3373 | D:4      | Reached XP level 6. HP: 15/50 MP: 6/6
  3856 | D:4      | Reached skill level 10 in Axes
  3856 | D:4      | Reached XP level 7. HP: 56/56 MP: 7/7
  3885 | D:4      | Reached skill level 1 in Armour
  3939 | D:4      | Noticed an ogre
  4109 | D:5      | Entered Level 5 of the Dungeon
  4827 | D:5      | Noticed Pikel
  4882 | D:5      | Reached skill level 5 in Armour
  4882 | D:5      | Reached XP level 8. HP: 63/66 MP: 8/8
  5059 | D:5      | Killed Pikel
  5059 | D:5      | Reached skill level 5 in Fighting
  5059 | D:5      | Reached skill level 11 in Axes
  5259 | D:6      | Found a shimmering altar of Xom.
  5300 | D:6      | Found a snail-covered altar of Cheibriados.
  5354 | D:6      | Found a shimmering altar of Xom.
  5355 | D:6      | Found a shimmering altar of Xom.
  5355 | D:6      | Found a shimmering altar of Xom.
  5625 | D:6      | Found a shimmering altar of Xom.
  5778 | D:6      | Reached XP level 9. HP: 58/75 MP: 6/9
  5795 | D:6      | Reached skill level 12 in Axes
  6307 | D:6      | Found a deep blue altar of Sif Muna.
  6497 | D:7      | Found a staircase to the Ecumenical Temple.
  6510 | Temple   | Entered the Ecumenical Temple
  6535 | Temple   | Became a worshipper of Warmaster Okawaru
  6618 | D:7      | Reached skill level 13 in Axes
  7071 | D:7      | Found a shadowy altar of Dithmenos.
  7454 | D:7      | Reached skill level 14 in Axes
  7501 | D:7      | Acquired Okawaru's first power
  7574 | D:7      | Slain by a centaur

Vault maps used:
D:1:      minmay_arrival_open_corners
D:2:      nicolae_overflow_crystal_walls, minmay_misc_feat_chi
D:4:      first_bread
D:5:      uniq_pikel
D:6:      kennysheep_mini, xom_redecorated, lemuel_statue_altar
D:7:      grunt_dithmenos_smoke, minmay_temple_entry_purple_smoke
Temple:   temple_eino_lava_12

Action                   |  1- 3 |  4- 6 |  7- 9 || total
-------------------------+-------+-------+-------++-------
Melee: War axe           |    99 |   180 |   304 ||   583
       Battleaxe         |       |       |    30 ||    30
Throw: Tomahawk          |    10 |     7 |    21 ||    38
       Stone             |       |     4 |       ||     4
Invok: Heroism           |       |       |     1 ||     1
Evoke: Wand              |       |     1 |     7 ||     8
  Use: Scroll            |       |     3 |     5 ||     8
       Potion            |       |     2 |     5 ||     7
  Eat: Chunk             |     2 |     8 |    12 ||    22
